 Dungeon Crawl Stone Soup version 0.30.1-4-g462c640d31 (webtiles) character file.

Game seed: 2153170457457482815

2922 wingedge the Covert (level 9, -2/82 HPs)
             Began as a Naga Hunter on Sept 12, 2023.
             Was a Follower of Ashenzari.
             Slain by a death yak (15 damage)
             ... on level 8 of the Dungeon.
             The game lasted 00:33:45 (7647 turns).

wingedge the Covert (Naga Hunter)                   Turns: 7647, Time: 00:33:45

Health: -2/82      AC:  8    Str: 13    XL:     9   Next: 79%
Magic:  12/14      EV:  9    Int: 11    God:    Ashenzari [*.....]
Gold:   341        SH:  0    Dex: 20    Spells: 5/15 levels left

rFire   . . .        a - +0 hand crossbow
rCold   . . .        (no shield)
rNeg    + . .        c - +0 leather armour
rPois   +            (no helmet)
rElec   .            (no cloak)
rCorr   .            (no gloves)
SInv    +            f - +0 barding of Eternal Vigilance {rN+ Dex+2}
Will    +....        i - amulet of Ashenzari's Seer {Acrobat, Bglg, Self} (curse)
Stlth   +++++        s - ring of Ashenzari's Adversity {Wiz, Cun, Alch} (curse)
HPRegen 0.33/turn    (no ring)
MPRegen 0.14/turn

%: acrobat, wizardry (x1)
@: very slow
A: AC +3, large, see invisible, deformed body, poison resistance, slowness 2,
spit poison 1, naga tail 1
a: Spit Poison, Renounce Religion, Curse Item, Shatter the Chains


You were on level 8 of the Dungeon.
You worshipped Ashenzari.
Ashenzari was aware of your devotion.
You visited 1 branch of the dungeon, and saw 8 of its levels.

You collected 453 gold pieces.
You spent 112 gold pieces at shops.

Inventory:

Hand Weapons
 a - a +0 hand crossbow (weapon)
 b - the +5 trident "Puip" {venom, rF- rC- MP+9 Int+6}
   (You found it on level 6 of the Dungeon)

   Int:       It affects your intelligence (+6).
   rF:        It makes you vulnerable to fire.
   rC:        It makes you vulnerable to cold.
   MP:        It affects your magic capacity (+9).
 y - a +0 dagger of flaming
 z - a +0 mace of protection
Missiles
 t - 10 poisoned darts
Armour
 c - a +0 leather armour (worn)
 f - the +0 barding of Eternal Vigilance (worn) {rN+ Dex+2}
   (You acquired it on level 7 of the Dungeon)

   Dex:       It affects your dexterity (+2).
   rN:        It protects you from negative energy.
 q - a +0 ring mail
Magical Staves
 w - a staff of conjuration
Jewellery
 i - the cursed amulet of Ashenzari's Seer (around neck) {Acrobat, Bglg, Self}
   (You found it on level 1 of the Dungeon)

   [amulet of the acrobat]

   It increases your evasion while moving and waiting.
   It has a curse which improves the following skills: Beguiling: Conjurations,
   Hexes and Translocations.
   Introspection: Fighting and Spellcasting.
 s - the cursed ring of Ashenzari's Adversity (left hand) {Wiz, Cun, Alch}
   (You found it on level 3 of the Dungeon)

   [ring of wizardry]

   It improves your spell success rate.
   It has a curse which improves the following skills: Cunning: Dodging and
   Stealth.
   Alchemy:   Poison Magic and Transmutations.
Wands
 e - a wand of roots (5)
Scrolls
 k - 3 scrolls of fog
 m - 5 scrolls of teleportation
 o - 3 scrolls of magic mapping
 p - 2 scrolls of amnesia
 r - a scroll of poison
Potions
 d - a potion of brilliance
 g - 4 potions of might
 h - 4 potions of curing
 j - 3 potions of flight
 l - a potion of ambrosia
 n - a potion of magic
 v - 2 potions of resistance


   Skills:
 + Level 5.0(5.7) Fighting
 + Level 8.4 Ranged Weapons
 - Level 1.0 Armour
 - Level 3.3(4.0) Dodging
 - Level 9.7(10.5) Stealth
 + Level 3.1(3.8) Spellcasting
 + Level 0.0 Conjurations
 + Level 2.5(3.2) Hexes
 - Level 1.4(2.0) Translocations
 + Level 1.9 Ice Magic


You had 5 spell levels left.
You knew the following spells:

 Your Spells              Type           Power      Damage    Failure   Level
a - Tukima's Dance        Hex            9%         N/A       10%         3
b - Frozen Ramparts       Ice            12%        1d2       16%         3
c - Hailstorm             Conj/Ice       4%         3d4       24%         3
y - Apportation           Tloc           12%        N/A       6%          1

Your spell library contained the following spells:

 Spells                   Type           Power      Damage    Failure   Level
 Freeze                   Ice            24%        1d4       6%          1
 Passage of Golubria      Tloc           6%         N/A       45%         4
 Summon Ice Beast         Ice/Summ       4%         N/A       58%         4
 Summon Mana Viper        Hex/Summ       5%         N/A       83%         5
 Yara's Violent Unravell  Hex/Tmut       2%         3d3       83%         5
 Alistair's Intoxication  Tmut/Pois      1%         N/A       96%         5
 Monstrous Menagerie      Summ           1%         N/A       100%        7


Dungeon Overview and Level Annotations

Branches:
Dungeon (8/15)             Temple (0/1) D:4
   Lair: D:8-11

Altars:
Ashenzari
Fedhas
Ru
Xom

Shops:
D:7 (

Annotations:
D:5 Grinder


Innate Abilities, Weirdness & Mutations

Your serpentine skin is tough. (AC +3)
You have supernaturally acute eyesight. (SInv)
Armour fits poorly on your strangely shaped body.
Your system is resistant to poisons. (rPois)
You cover ground very slowly.
You can spit poison.
You have a snake-like lower body.


Message History

Fire: a) +0 hand crossbow
Press: ? - help, Q - select action, (/) - cycle Shift-Dir - straight line, f/p - death yak
Aim: a death yak (moderately wounded, poisoned, 83% to hit)
You shoot a bolt. The bolt hits the death yak!
The death yak is heavily wounded.
The wall freezes the death yak.
The death yak gores you!
Okay, then.
Unknown command.
Aiming: Fastroot
Press: ? - help, Shift-Dir - straight line, p - death yak The roots erupt in riotous growth!
Roots grab the death yak.
The grasping roots constrict the death yak.
You hear a bellow! x2
The wall freezes the death yak.
The death yak gores you!!
* * * LOW HITPOINT WARNING * * *
Your frozen ramparts will break if you move.
Continue?
The frozen ramparts melt away as you move.
The grasping roots constrict the death yak!
The death yak struggles to escape constriction.
The death yak escapes!
Aiming: Fastroot
Press: ? - help, Shift-Dir - straight line The roots erupt in riotous growth!
Roots grab the death yak.
The grasping roots constrict the death yak.
You hear a bellow! x2
The death yak gores you!
* * * LOW HITPOINT WARNING * * *
You have got your breath back.
The grasping roots constrict the death yak.
The roots release their grip on the death yak.
Aiming: Fastroot
Press: ? - help, Shift-Dir - straight line The roots erupt in riotous growth!
Roots grab the death yak.
The grasping roots constrict the death yak.
A death yak comes into view.
The death yak gores you!
You die...

#^...# #
###.## . #.#
###.######.#
....#......#
..).........#
.. .#.......#
... #.......#
#...#.....Y@#
....Y.......#
........(.###
....<....##
...#.#####
..... ###


You could see 2 death yaks.

Vanquished Creatures
  Joseph (D:7)
  Edmund (D:5)
  A water moccasin (D:7)
  A sky beast (D:6)
  2 ice beasts
  3 ogres
  3 black bears (D:6)
  2 phantoms
  Blork the orc (D:5)
  3 bullfrogs
  4 scorpions
  2 howler monkeys
  3 orc priests
  4 hounds
  5 jellies
  A gnoll bouda (D:7)
  3 iguanas
  A sleepcap (D:7)
  2 orc wizards
  6 gnolls
  8 adders
  A shadow imp (D:5)
  A white imp (D:6)
  An ufetubus (D:7)
  A worm (D:2)
  2 dart slugs
  13 orcs
  3 endoplasms
  2 giant cockroaches (D:4)
  5 goblins
  9 hobgoblins
  9 jackals
  5 quokkas
  14 ball pythons
  4 bats
  3 frilled lizards
  7 kobolds
  6 rats
143 creatures vanquished.

Vanquished Creatures (collateral kills)
  An orc (D:4)
1 creature vanquished.

Vanquished Creatures (others)
  A dancing weapon (D:7)
1 creature vanquished.

Grand Total: 145 creatures vanquished

Notes
Turn   | Place    | Note
-------+----------+-------------------------------------------
     0 | D:1      | wingedge the Naga Hunter began the quest for the Orb.
     0 | D:1      | Reached XP level 1. HP: 19/19 MP: 1/1
    83 | D:1      | Reached XP level 2. HP: 25/26 MP: 2/2
   537 | D:1      | Reached XP level 3. HP: 32/32 MP: 3/3
   555 | D:1      | Found a faded altar of an unknown god.
   627 | D:1      | Prayed at the altar of an unknown god.
   627 | D:1      | Became a worshipper of Ashenzari the Shackled
   947 | D:2      | Reached skill level 5 in Ranged Weapons
   955 | D:2      | Reached XP level 4. HP: 39/39 MP: 4/4
  1410 | D:3      | Reached * piety under Ashenzari
  1795 | D:4      | Noticed an ice beast
  1866 | D:4      | Killed an ice beast
  1866 | D:4      | Noticed a bullfrog
  1867 | D:4      | Reached skill level 1 in Spellcasting
  1867 | D:4      | Reached XP level 5. HP: 4/49 MP: 4/7
  2075 | D:4      | Reached skill level 2 in Stealth
  2075 | D:4      | Reached XP level 6. HP: 53/56 MP: 7/9
  2268 | D:4      | Found a shimmering altar of Xom.
  2359 | D:4      | Reached skill level 3 in Stealth
  2361 | D:4      | Learned a level 1 spell: Apportation
  2365 | D:4      | Learned a level 3 spell: Tukima's Dance
  2492 | D:4      | Found a staircase to the Ecumenical Temple.
  2515 | D:4      | Reached skill level 1 in Hexes
  2515 | D:4      | Reached XP level 7. HP: 38/64 MP: 9/11
  2985 | D:5      | Entered Level 5 of the Dungeon
  3036 | D:5      | Noticed Edmund
  3048 | D:5      | Killed Edmund
  3339 | D:5      | Noticed Grinder
  3351 | D:5      | Paralysed by Grinder for 4 turns
  3575 | D:5      | Noticed Blork the orc
  3590 | D:5      | Killed Blork the orc
  3591 | D:5      | Reached skill level 4 in Stealth
  3598 | D:5      | Reached skill level 1 in Armour
  3766 | D:5      | Reached XP level 8. HP: 35/73 MP: 12/12
  4815 | D:6      | Found a sacrificial altar of Ru.
  4874 | D:6      | Reached skill level 5 in Stealth
  5173 | D:6      | Reached skill level 6 in Stealth
  5362 | D:6      | Identified the +5 trident "Puip" {venom, rF- rC- MP+9
                  | Int+6}
  5676 | D:6      | Reached skill level 8 in Stealth
  5676 | D:6      | Reached XP level 9. HP: 81/81 MP: 13/13
  6250 | D:7      | Reached skill level 9 in Stealth
  6250 | D:7      | Reached skill level 1 in Translocations
  6305 | D:7      | Found a blossoming altar of Fedhas.
  6325 | D:7      | You fall into a shaft and drop 1 floor!
  6522 | D:7      | Learned a level 3 spell: Frozen Ramparts
  6582 | D:7      | Noticed Joseph
  6604 | D:7      | HP: 1/81 [Joseph/sling bullet (10)]
  6614 | D:7      | Killed Joseph
  6615 | D:7      | Reached skill level 1 in Ice Magic
  6856 | D:7      | Found Oziruin's Antique Weapon Emporium.
  6892 | D:7      | Bought a hand crossbow for 112 gold pieces
  7405 | D:7      | Identified a scroll of acquirement
  7414 | D:7      | Acquired the +0 barding of Eternal Vigilance {rN+ Dex+2}
  7529 | D:8      | Reached skill level 5 in Fighting
  7620 | D:8      | Noticed a death yak
  7630 | D:8      | Learned a level 3 spell: Hailstorm
  7635 | D:8      | Noticed a death yak
  7647 | D:8      | Noticed a death yak
  7647 | D:8      | Slain by a death yak

Illustrated notes

Levels and vault maps discovered:
D:1:      pf_arrival_petrified_forest, layout_basic,
          dreamdust_ecumenical_altar_sealed_demon
D:2:      layout_basic
D:3:      layout_basic
D:4:      layout_loops_ring, mainiacjoe_overflow_paths,
          minmay_temple_entry_slanted, abandoned_shop
D:5:      layout_loops_ring, kennysheep_generic_room_6, uniq_edmund,
          uniq_grinder, uniq_blork_the_orc
D:6:      minmay_general_purpose_star, layout_gridville,
          mainiacjoe_overflow_24_doors, minivault_19
D:7:      layout_loops_cross, mainiacjoe_overflow_surrounded_room, serial_shops,
          shop, uniq_joseph
D:8:      layout_basic, dpeg_lair_monsters, chequers_serial_rivers_large_a,
          nicolae_elevator_lobby_plus, uniq_prince_ribbit1

Skill      XL: |  1  2  3  4  5  6  7  8  9 |
---------------+----------------------------+-----
Ranged Weapons | 4 5 6 7 8 |  8.4
Spellcasting   | 1 2 3 |  3.1
Stealth        | 2 3 4 8 9 |  9.7
Fighting       | 3 4 5 |  5.0
Dodging        | 2 3 |  3.3
Hexes          | 1 2 |  2.5
Armour         | 1 |  1.0
Translocations | 1 |  1.4
Ice Magic      | 1 |  1.9

Action                     |  1- 3 |  4- 6 |  7- 9 || total
---------------------------+-------+-------+-------++-------
  Melee: Mace              |       |       |     7 ||     7
   Fire: Shortbow          |    85 |   114 |   253 ||   452
         Hand crossbow     |       |       |    31 ||    31
   Cast: Tukima's Dance    |       |     1 |     6 ||     7
         Frozen Ramparts   |       |       |     5 ||     5
 Invoke: Curse Item        |     1 |     1 |       ||     2
Ability: Spit Poison       |    10 |    17 |    50 ||    77
  Evoke: Wand              |       |       |     3 ||     3
    Use: Scroll            |       |     1 |     4 ||     5
         Potion            |       |       |     7 ||     7
 Armour: Leather armour    |     1 |    29 |    40 ||    70
  Dodge: Dodged            |    11 |    35 |   103 ||   149
